 Dungeon Crawl Stone Soup version 0.32-a0-975-g85d4e5bfdb (webtiles) character file.

Game seed: 12466917196027235271

2424 ezpacito the Chopper (level 9, -2/102 HPs)
             Began as a Coglin Chaos Knight on Apr 20, 2024.
             Was a Plaything of Xom.
             Slain by Maurice
             ... wielding a +0 falchion
              (6 damage)
             ... on level 7 of the Dungeon.
             The game lasted 00:07:47 (6132 turns).

ezpacito the Chopper (Coglin Chaos Knight)          Turns: 6132, Time: 00:07:47

Health: -2/102     AC: 24    Str: 16    XL:     9   Next: 48%
Magic:  12/12      EV:  2    Int: 12    God:    Xom [..*...]
Gold:   160        SH:  0    Dex: 14    Spells: 2/13 levels left

rFire   + . .        a - +0 hand axe (chaos) {Olga}
rCold   + . .        g - +0 trident {Tepiltzin}
rNeg    . . .        d - melded +1 chain mail {rC+}
rPois   +            A - melded +0 helmet
rElec   +            v - melded +0 cloak
rCorr   +            (gloves currently unavailable)
SInv    .            (boots currently unavailable)
Will    .....        (amulet unavailable)
Stlth   ++           (ring unavailable)
HPRegen 0.37/turn    (ring unavailable)
MPRegen 0.13/turn    (no gizmo)

%: no passive effects
@: tree-form, resistant, hasted, revving, very quick
A: stationary, stasis, torment immunity, boosted hp, off-hand wielding, slow
wielding, warmup strikes, no jewellery, (iridescent scales 1), (cold resistance
1), (deformed body), (fire resistance 1), sense surroundings 1, evolution 1
a: Invent Gizmo, Renounce Religion


You were on level 7 of the Dungeon.
You worshipped Xom.
You were a toy of Xom.
You were a tree.
You visited 2 branches of the dungeon, and saw 8 of its levels.

You collected 390 gold pieces.
You spent 230 gold pieces at shops.

Inventory:

Hand Weapons
 a - a +0 hand axe of chaos (weapon) {Olga}
 g - a +0 trident (offhand) {Tepiltzin}
 z - a +3 orcbow
Missiles
 f - 3 boomerangs (quivered)
 w - an atropa-tipped dart
 y - 15 poisoned darts
Armour
 d - a +1 chain mail of cold resistance (melded)
 v - a +0 cloak (melded)
 A - a +0 helmet (melded)
 E - a +0 pair of gloves
Wands
 r - a wand of iceblast (6)
 D - a wand of digging (7)
Scrolls
 e - a scroll of revelation
 k - a scroll of enchant armour
 o - a scroll of noise
 s - a scroll of silence {unknown}
 t - a scroll of fog {unknown}
 u - a scroll of poison
 x - a scroll of teleportation {unknown}
 B - 2 scrolls of blinking
 C - a scroll of immolation {unknown}
Potions
 b - a potion of enlightenment
 l - a potion of cancellation
 m - a potion of magic
 p - a potion of attraction


   Skills:
 * Level 5.5 Fighting
 * Level 5.7(6.4) Axes
 * Level 4.0(5.3) Polearms
 + Level 1.0 Ranged Weapons
 + Level 2.3 Throwing
 * Level 4.6 Armour
 * Level 4.2 Dodging
 + Level 2.7 Stealth
 + Level 2.5 Spellcasting
 + Level 0.7 Summonings
 + Level 0.7 Necromancy
 + Level 2.9 Evocations


You had 2 spell levels left.
You knew the following spells:

 Your Spells              Type           Power      Damage    Failure   Level
a - Haunt                 Necr/Summ      1%         N/A       100%        7
A - Animate Dead          Necr           3%         N/A       88%         4

Your spell library contained the following spells:

 Spells                   Type           Power      Damage    Failure   Level
 Sandblast                Erth           2%         2d4       26%         1
 Cigotuvi's Dreadful Rot  Necr/Alch/Air  4%         N/A       34%         2
 Inner Flame              Hex/Fire       1%         N/A       61%         3
 Passwall                 Erth           1%         N/A       61%         3
 Stone Arrow              Conj/Erth      2%         3d7       61%         3
 Flame Wave               Conj/Fire      1%         2d4       95%         4
 Ignite Poison            Fire/Alch      1%         N/A       95%         4
 Sticky Flame             Fire/Alch      1%         2d4       95%         4
 Freezing Cloud           Conj/Ice/Air   0%         6-21      100%        5
 Infestation              Necr           1%         N/A       100%        8


Dungeon Overview and Level Annotations

Branches:
Dungeon (7/15)             Temple (1/1) D:6

Altars:
Ashenzari
Cheibriados
Dithmenos
Elyvilon
Fedhas
Gozag
Hepliaklqana
Kikubaaqudgha
Makhleb
Okawaru
Qazlal
Ru
Sif Muna
Trog
Uskayaw
Vehumet
Wu Jian
Xom
Yredelemnul
Zin

Shops:
D:1 *   D:2 [*   D:5 :

Annotations:
D:7 Maurice


Innate Abilities, Weirdness & Mutations

You are a tree.
Your roots penetrate the ground, keeping you stationary.
You cannot be teleported.
You are immune to unholy pain and torment.
Your maximum health is greatly increased.
Your equipment is partially melded.
You can wield a second weapon in your off-hand.
It takes a long time for you to wield or remove held weapons.
Your first few attacks do less damage.
You cannot equip rings or amulets.
((You are partially covered in iridescent scales. (AC +2)))
((Your flesh is cold resistant. (rC+)))
((Armour fits poorly on your strangely shaped body.))
((Your flesh is heat resistant. (rF+)))
You passively map a small area around you.
You have hidden genetic potential.


Message History

Something bites you but does no damage.
Your Ranged Weapons skill increases to level 1!
You take 1 damage, and have 2/102 hp.
You cannot move.
You start resting.
Your butterfly is poisoned.
Your butterfly is engulfed in poison gas.
Your butterfly is poisoned.
You kill your butterfly!
Your butterfly disappears in a burst of colours!
You hear some strange, mumbled words.
You start resting.
Your butterfly is engulfed in poison gas.
Your butterfly looks even sicker.
You kill your butterfly!
Your butterfly disappears in a burst of colours!
Your butterfly is engulfed in poison gas.
Your butterfly is poisoned.
You kill your butterfly!
Your butterfly disappears in a burst of colours!
You start resting.
Your butterfly is engulfed in poison gas.
Your butterfly is poisoned.
You kill your butterfly!
Your butterfly disappears in a burst of colours!
You start resting.
Your butterfly is engulfed in poison gas.
Your butterfly is poisoned.
You kill your butterfly!
Your butterfly disappears in a burst of colours!
You start resting.
Something drops a +0 dagger.
Something picks up a +0 falchion.
You start resting.
Your butterfly is engulfed in poison gas.
Your butterfly is poisoned.
You kill your butterfly!
Your butterfly disappears in a burst of colours!
Something hits you but does no damage. Something bites you but does no damage.
You start resting.
Something hits you but does no damage. Something bites you.
You die...

### ##.# ...
#...##..###,....
,, ........§#☼....
,#.))§☼§☼...., ,
###*####<☼○.☼....
#○○##☼☼#§§.§§##..,
#☼☼§#§§.#.§☼§.#
#☼☼☼§§☼☼§○○☼§## ,
#§§..♣§##$...# ,,
,, ###☼.##§§..☼○#
, *
*#○§○§,,.○§..§..
#§.○○§ ..§§.§...
§§☼○##.,,...○.§...
☼§§○ §§ .....b..
○§☼, ○§ .....§ , *
§☼, §○ , , , , * ,
,


There were no monsters in sight!

Vanquished Creatures
  The ghost of ezpacito the Chopper, an amateur CoCK of Xom (D:4)
  Eustachio (D:4)
  A fire bat (D:1)
  Edmund (D:5)
  2 water moccasins
  An ice beast (D:7)
  A black bear (D:3)
  2 centaurs (D:6)
  A phantom (D:7)
  A kobold brigand (D:6)
  2 bullfrogs
  3 wights (D:7)
  3 quasits (D:4)
  2 hounds
  A bombardier beetle (D:5)
  A jelly (D:6)
  2 orc priests
  A gnoll bouda (D:5)
  Crazy Yiuf (D:5)
  6 iguanas
  An orc wizard (D:7)
  5 gnolls (D:5)
  8 adders
  2 shadow imps
  A white imp (D:4)
  2 ufetubi (D:5)
  A ribbon worm (D:2)
  2 dart slugs
  12 orcs
  3 endoplasms
  3 giant cockroaches
  7 goblins
  4 hobgoblins
  11 kobolds
  5 quokkas
  7 ball pythons
  4 bats
  4 frilled lizards
  3 rats (D:1)
119 creatures vanquished.

Vanquished Creatures (collateral kills)
  A water moccasin (D:6)
1 creature vanquished.

Grand Total: 120 creatures vanquished

Notes
Turn   | Place    | Note
-------+----------+-------------------------------------------
     0 | D:1      | ezpacito the Coglin Chaos Knight began the quest for the
                  | Orb.
     0 | D:1      | Reached XP level 1. HP: 18/18 MP: 1/1
    96 | D:1      | Reached skill level 1 in Dodging
   240 | D:1      | Reached XP level 2. HP: 24/24 MP: 2/2
   306 | D:1      | Found Bokluir's Assorted Antiques.
   419 | D:1      | XOM: silly message
   533 | D:1      | XOM is BORED!
   533 | D:1      | an endoplasm changed into a fire bat
   533 | D:1      | Noticed a fire bat
   533 | D:1      | XOM: polymorph endoplasm -> fire bat
   534 | D:1      | XOM: cast spell 'Summon Small Mammal'
   544 | D:1      | Killed a fire bat
   545 | D:1      | Reached skill level 1 in Polearms
   545 | D:1      | Reached skill level 1 in Stealth
   545 | D:1      | Reached XP level 3. HP: 29/29 MP: 2/4
   545 | D:1      | Reached XP level 4. HP: 35/35 MP: 2/5
   545 | D:1      | Reached XP level 5. HP: 41/41 MP: 2/6
   598 | D:1      | XOM: silly message
   729 | D:2      | Found Xoczet's Assorted Antiques.
   729 | D:2      | Found Uhuny's Antique Armour Boutique.
   777 | D:2      | Bought a fuming inky potion for 18 gold pieces
   777 | D:2      | Bought a puce potion for 18 gold pieces
   777 | D:2      | Bought a smoky dark potion for 18 gold pieces
   777 | D:2      | Bought a scroll labelled VARPHOZXUISA for 20 gold pieces
   971 | D:2      | Reached skill level 1 in Spellcasting
  1192 | D:2      | XOM: summons 3 hostile demons
  1298 | D:2      | XOM: draining
  1406 | D:3      | Reached XP level 6. HP: 20/44 MP: 7/7
  1503 | D:3      | XOM: summons 4 hostile demons
  1688 | D:3      | XOM: 3-stop teleportation journey
  1783 | D:3      | Found an iron altar of Okawaru.
  1791 | D:3      | Noticed a black bear
  1792 | D:3      | XOM: summons 2 friendly demons
  1798 | D:3      | Killed a black bear
  1859 | D:3      | Found a shimmering blue altar of Sif Muna.
  1941 | D:3      | Found a radiant altar of Vehumet.
  1944 | D:3      | Found a sacrificial altar of Ru.
  2058 | D:3      | Found a faded altar of an unknown god.
  2355 | D:3      | XOM: summons 4 hostile demons
  2605 | D:4      | Found a transporter.
  2678 | D:4      | Found a transporter.
  2687 | D:4      | Noticed ezpacito's ghost (amateur CoCK)
  2690 | D:4      | Noticed Eustachio
  2690 | D:4      | XOM: blink monster(s)
  2710 | D:4      | Killed Eustachio
  2711 | D:4      | Reached XP level 7. HP: 50/54 MP: 7/9
  2894 | D:4      | Found a stormy altar of Qazlal.
  2894 | D:4      | XOM: 3-stop teleportation journey
  2960 | D:4      | XOM: noise
  3616 | D:4      | XOM: fake destruction
  3627 | D:4      | Reached skill level 1 in Throwing
  3631 | D:4      | Killed ezpacito's ghost
  3632 | D:4      | Reached skill level 1 in Evocations
  3632 | D:4      | Reached XP level 8. HP: 52/61 MP: 10/10
  3717 | D:1      | Bought a dark potion for 28 gold pieces
  3717 | D:1      | Bought a fluorescent wand for 128 gold pieces
  3756 | D:5      | Entered Level 5 of the Dungeon
  3925 | D:5      | Noticed Edmund
  3935 | D:5      | Killed Edmund
  3999 | D:5      | Found an ornate altar of the Wu Jian Council.
  4004 | D:5      | Found Capywn's Vocational Training.
  4095 | D:5      | XOM: give mutations
  4095 | D:5      | Gained mutation: Armour fits poorly on your strangely
                  | shaped body. [Xom's mischief]
  4095 | D:5      | Gained mutation: You are frail. (-10% HP) [Xom's mischief]
  4126 | D:5      | XOM: cleaving
  4330 | D:5      | XOM: 7-stop teleportation journey
  4534 | D:5      | Found a runed translucent door.
  4535 | D:5      | Noticed Crazy Yiuf
  4581 | D:5      | XOM: god gift: atropa-tipped dart
  4587 | D:5      | Killed Crazy Yiuf
  4588 | D:5      | Reached skill level 5 in Axes
  4595 | D:5      | XOM: give mutations
  4595 | D:5      | Gained mutation: You are partially covered in iridescent
                  | scales. (AC +2) [Xom's grace]
  4595 | D:5      | Lost mutation: You are frail. (-10% HP) [Xom's grace]
  4595 | D:5      | Gained mutation: You passively map a small area around you.
                  | [Xom's grace]
  4762 | D:6      | XOM: give mutations
  4762 | D:6      | Gained mutation: You have hidden genetic potential. [Xom's
                  | grace]
  4762 | D:6      | Gained mutation: Your flesh is cold resistant. (rC+) [Xom's
                  | grace]
  4762 | D:6      | Gained mutation: Your flesh is heat resistant. (rF+) [Xom's
                  | grace]
  4826 | D:6      | XOM: cleaving
  4848 | D:6      | Reached skill level 5 in Fighting
  4975 | D:6      | XOM: scenery: 1 doors open, 1 doors close
  4997 | D:6      | Found a staircase to the Ecumenical Temple.
  5019 | Temple   | Entered the Ecumenical Temple
  5298 | D:6      | XOM: summons 8 friendly demons
  5306 | D:6      | Reached XP level 9. HP: 50/68 MP: 12/12
  5554 | D:6      | XOM: cloud trail
  5756 | D:6      | Learned a level 4 spell: Animate Dead
  5764 | D:6      | Learned a level 7 spell: Haunt
  6051 | D:6      | XOM: divination: detect items
  6075 | D:7      | XOM: confuse monster(s)
  6087 | D:7      | Noticed Maurice
  6090 | D:7      | XOM: enchant monster (good)
  6119 | D:7      | HP: 2/102 [something (7)]
  6119 | D:7      | Something stole a +0 war axe
  6122 | D:7      | Something stole 6 boomerangs
  6123 | D:7      | Reached skill level 1 in Ranged Weapons
  6132 | D:7      | Slain by Maurice

Illustrated notes

Levels and vault maps discovered:
D:1:      tarquinn_simple_flora_water_b, layout_rooms, serial_shops,
          shop_fountains, roderic_lattice_a
D:2:      layout_rooms, serial_shops, shop, nicolae_diamond_shop
D:3:      layout_loops_cross, overflow_temple_1_default,
          mainiacjoe_overflow_chevrons, minitemple,
          chequers_ecumenical_altar_twisty, st_stairs_5,
          hangedman_decor_slide_cut
D:4:      layout_basic, mainiacjoe_overflow_alcove_2,
          gammafunk_ghost_stat_death, uniq_eustachio
D:5:      layout_basic, kennysheep_mini_moat, grunt_ministairs_6,
          nicolae_shop_vocational, uniq_crazy_yiuf_cottage, uniq_edmund
D:6:      layout_gridville, minmay_temple_entry_proselytizer,
          chequers_serial_rivers_room_b
D:7:      layout_cave_pools, mainiacjoe_overflow_concentric_impassable,
          mainiacjoe_overflow_cross_hatched, uniq_maurice
Temple:   compressed_dpeg_circular_temple

Skill      XL: |  1  2  3  4  5  6  7  8  9 |
---------------+----------------------------+-----
Dodging        | 1 2 3 4 |  4.2
Polearms       | 1 2 3 4 |  4.0
Armour         | 2 3 4 |  4.6
Stealth        | 1 2 |  2.7
Spellcasting   | 1 2 |  2.5
Axes           | 4 5 |  5.7
Fighting       | 4 5 |  5.5
Throwing       | 1 2 |  2.3
Evocations     | 1 2 |  2.9
Ranged Weapons | 1 |  1.0
Summonings     | |  0.7
Necromancy     | |  0.7

Action                     |  1- 3 |  4- 6 |  7- 9 || total
---------------------------+-------+-------+-------++-------
  Melee: Hand axe          |    22 |   135 |   191 ||   348
         Dagger            |    17 |    57 |       ||    74
         Trident           |       |    85 |   210 ||   295
  Evoke: Wand              |       |       |     6 ||     6
    Use: Scroll            |       |     8 |     6 ||    14
         Potion            |       |     1 |     8 ||     9
   Stab: Sleeping          |     1 |       |       ||     1
         Confused          |       |       |    12 ||    12
         Petrifying        |       |       |     1 ||     1
         Paralysed         |       |       |     1 ||     1
 Armour: Leather armour    |    12 |     5 |       ||    17
         Chain mail        |       |   210 |   237 ||   447
         Skin              |       |       |    31 ||    31
  Dodge: Dodged            |    12 |    79 |    82 ||   173

Table legend: (Time is in decaauts)
 A = Elapsed time spent in this place.
 B = Non-inter-level travel time spent in this place.
 C = Inter-level travel time spent in this place.
 D = Time resting spent in this place.
 E = Time spent auto-exploring this place.
 F = Levels seen in this place.
 G = Mean time per level.
                   A        B        C        D        E       F      G
               +--------+--------+--------+--------+--------+-----+--------+
         Total |   6135 |   5801 |    334 |     64 |   4800 |   8 |  766.9 |
       Dungeon |   6015 |   5681 |    334 |     64 |   4681 |   7 |  859.3 |
        Temple |    120 |    120 |      0 |      0 |    119 |   1 |  120.0 |
               +--------+--------+--------+--------+--------+-----+--------+

Top non-repeatable levels by time:
     D:3: 1255 daAuts
     D:6: 1244 daAuts
     D:4: 1106 daAuts
     D:5: 956 daAuts
     D:1: 737 daAuts
     D:2: 660 daAuts
  Temple: 120 daAuts
     D:7: 53 daAuts
